cohdb
Replays
Latest Replays
All Replays
Popular Replays
Top Player Replays
Match Explorer
How It Works
Community
CoH3 Stats
Reddit
Sign in to upload your games and track your stats! →
Sign in with Steam
Match 42952674
Unlisted
Match 42952674
Overview
Messages
Build Orders
End
Panzerpioneer Squad
Panzerpioneer Squad
Selects Battlefield Espionage Battlegroup
Kradschützen Motorcycle Team
Panzerpioneer Squad
Construct Light Support Kompanie
MG34 Team
2.5-tonne Medical Truck
Fire Support Elements
Panzerjäger Squad
Selects Intel Disruption Beacon
Pak 38 Mechanized Group
Combat Half-tracks
Flakvierling Half-track
Pak 38 Anti-tank Gun Team
Selects Plunder
Selects Firestorm
Firestorm
Construct Panzerarmee Kommand
Armored Reserves
Panzer IV Assault Group
Walking Stuka Rocket Launcher
Selects 250/3 Funkpanzerwagen
Selects Anti-Tank Incendiary Munitions
Firestorm
Panzer IV Assault Group
Emergency Repair Kits
Tungsten Core Ammunition
UH|dun! ツ
Gatom
BravoTwoZer0
WhyUSayOMG
Agent Smith
Robin Da Hood
0
0
Comments
sign in to comment!
No comments posted yet!